 Dungeon Crawl Stone Soup version 0.18-a0-1542-g9c1a92e (webtiles) character file.

162 MenacingMecha the Chopper (level 5, -6/45 HPs)
             Began as a Hill Orc Fighter on Mar 10, 2016.
             Killed by nerve-wracking pain
             ... invoked by an orc priest
              (12 damage)
             ... on level 4 of the Dungeon.
             The game lasted 00:05:38 (2530 turns).

MenacingMecha the Chopper (Hill Orc Fighter)        Turns: 2530, Time: 00:05:39

Health: -6/45      AC: 12    Str: 20    XL:     5   Next: 43%
Magic:  5/5        EV:  3    Int:  8    God:
Gold:   102        SH:  9    Dex: 10    Spells: 0 memorised, 4 levels left

rFire  . . .     SeeInvis .     a - +0 war axe
rCold  . . .     Gourm    .     j - +0 plate armour
rNeg   . . .     Faith    .     c - +0 shield
rPois  .         Spirit   .     (no helmet)
rElec  .         Dismiss  .     (no cloak)
rCorr  +         Reflect  .     x - +0 pair of gloves
SustAt .         Harm     .     (no boots)
MR     .....                    (no amulet)
Stlth  ..........               (no ring)
                                w - ring of resist corrosion

@: not resistant to hostile enchantments, extremely unstealthy
A: no striking features
a: Convert to Beogh


You were on level 4 of the Dungeon.
You were hungry.

You visited 1 branch of the dungeon, and saw 4 of its levels.

You collected 102 gold pieces.

Inventory:

Hand Weapons
 a - a +0 war axe (weapon)
Armour
 b - a +0 scale mail
 c - a +0 shield (worn)
 j - a +0 plate armour (worn)
 x - a +0 pair of gloves (worn)
Jewellery
 w - a ring of resist corrosion (left hand)
Scrolls
 h - 2 scrolls of remove curse {unknown}
 k - a scroll of identify {unknown}
 n - 2 scrolls of recharging {unknown}
 o - a scroll of fog {unknown}
 p - a scroll of blinking {unknown}
 q - a scroll of teleportation {unknown}
 y - a scroll of magic mapping {unknown}
Potions
 d - a potion of might
 e - a potion of flight {unknown}
 g - a potion of agility {unknown}
 m - 3 potions of degeneration {unknown}
 r - a potion of cure mutation {unknown}
 s - a potion of berserk rage {unknown}
 u - a potion of magic {unknown}
 v - 2 potions of invisibility {unknown}
Comestibles
 f - a bread ration
 i - a beef jerky
 l - a meat ration
 t - a chunk of flesh
 z - a royal jelly


   Skills:
 - Level 3.6 Fighting
 + Level 7.2 Axes
 - Level 3.2 Armour
 - Level 3.2 Shields


You had 4 spell levels left.
You didn't know any spells.

Dungeon Overview and Level Annotations

Branches:
Dungeon (4/15)
 Temple: D:4-7

Altars:
Kikubaaqudgha

Annotations:
D:3 sbjvksfvbljs's ghost, amateur HuAK


Message History

The orc priest is healed somewhat.
The orc priest hits you but does no damage.
The orc priest shouts, "Surrender to Beogh and we'll let you live!"
The orc priest shouts, "Surrender to Beogh and we'll let you live!"
You slash the orc priest!
The orc priest is almost dead.
The orc priest shouts, "Beogh is our master!
Accept the truth or die!"
The orc priest calls upon Beogh to heal the orc priest.
The orc priest is healed somewhat.
You block the orc priest's attack.
The orc priest mumbles some strange prayers to Beogh against you.
Beogh smites you!
* * * LOW HITPOINT WARNING * * *
You closely miss the orc priest.
The orc priest is heavily wounded.
The orc priest calls down the wrath of Beogh upon you.
Pain shoots through your body!
* * * LOW HITPOINT WARNING * * *
The orc priest invokes the aid of Beogh against you.
Pain shoots through your body!
You die...

#o #. #o #o
#.
#.####o####
#........o#
.....#.##o#
### #. #@#
.. #.# ##.
#.# .# #.#
# #.# #.#
#.# #.# #.#


You could see 2 orc priests.

Vanquished Creatures
  An orc wizard (D:4)
  A worker ant (D:2)
  3 adders (D:2)
  A shadow imp (D:3)
  2 oozes
  2 worms
  3 dart slugs
  2 giant geckos
  An orc (D:4)
  6 bats
  2 giant cockroaches (D:2)
  4 goblins
  6 hobgoblins
  8 jackals
  A ball python (D:1)
  4 giant newts (D:2)
  8 kobolds
  3 rats (D:2)
58 creatures vanquished.

Notes
Turn   | Place    | Note
--------------------------------------------------------------
     0 | D:1      | MenacingMecha the Hill Orc Fighter began the quest for the Orb.
     0 | D:1      | Reached XP level 1. HP: 19/19 MP: 1/1
    15 | D:1      | Reached skill level 3 in Axes
   184 | D:1      | Reached XP level 2. HP: 21/26 MP: 2/2
   276 | D:1      | Reached skill level 4 in Axes
   477 | D:1      | Reached XP level 3. HP: 31/31 MP: 3/3
  1015 | D:2      | Reached skill level 5 in Axes
  1309 | D:2      | Reached XP level 4. HP: 39/39 MP: 4/4
  1479 | D:2      | Reached skill level 6 in Axes
  1555 | D:2      | Found an ancient bone altar of Kikubaaqudgha.
  1941 | D:3      | Reached XP level 5. HP: 31/45 MP: 5/5
  2329 | D:3      | Noticed sbjvksfvbljs's ghost (amateur HuAK)
  2515 | D:4      | Reached skill level 7 in Axes
  2530 | D:4      | Killed from afar by an orc priest

Vault maps used:
D:1:      evilmike_arrival_crescent
D:2:      minmay_door_path, lemuel_round_altar
D:4:      minmay_temple_entry_statues_pillars

Skill      XL: |  1  2  3  4  5 |
---------------+----------------+-----
Axes           | 3 4 5 6 7 |  7.2
Fighting       | |  3.6
Armour         | |  3.2
Shields        | |  3.2

Action                   |  1- 3 |  4- 6 || total
-------------------------+-------+-------++-------
Melee: War axe           |   130 |   107 ||   237
  Eat: Chunk             |     2 |     3 ||     5
